 Dungeon Crawl Stone Soup version 0.22.0-13-g43fe8f24b8 (webtiles) character file.

44 RedPan the Scratcher (level 3, -8/15 HPs)
             Began as a Felid Transmuter on Aug 17, 2018.
             Mangled by a killer bee (9 damage)
             ... on level 3 of the Dungeon.
             The game lasted 00:08:07 (2678 turns).

RedPan the Scratcher (Felid Transmuter)             Turns: 2678, Time: 00:08:07

Health: -8/15      AC:  1    Str:  6    XL:     3   Next: 41%
Magic:  7/7        EV: 18    Int: 15    God:
Gold:   145        SH:  0    Dex: 16    Spells: 0/6 levels left
                                        Lives:  0   Deaths: 1

rFire    . . .     SeeInvis +     - Unarmed
rCold    . . .     Gourm    .   (shield unavailable)
rNeg     . . .     Faith    .   (armour unavailable)
rPois    .         Spirit   .   (helmet unavailable)
rElec    .         Reflect  .   (cloak unavailable)
rCorr    .         Harm     .   (gloves unavailable)
MR       .....                  (boots unavailable)
Stlth    ++........             (no amulet)
HPRegen  0.05/turn              (no ring)
MPRegen  0.10/turn              (no ring)

@: appendage, hasted, very quick
A: very small, no armour, no weapons or thrown items, stealth, claws 1, fangs 3,
horns 2, see invisible, carnivore, speed 1, shaggy fur 1, slow metabolism 1,
sharp paws
a: End Transformation


You were on level 3 of the Dungeon.
You were not hungry.
You had grown temporary horns.
You visited 1 branch of the dungeon, and saw 3 of its levels.

You collected 145 gold pieces.

Inventory:

Scrolls
 d - a scroll of identify
 g - 2 scrolls of remove curse
Potions
 i - 2 potions of haste
 k - 2 potions of curing
Comestibles
 c - 6 rations


   Skills:
 - Level 1.0 Fighting
 - Level 2.6 Dodging
 + Level 4.2 Unarmed Combat
 + Level 2.0 Spellcasting
 + Level 4.0 Transmutations
 + Level 0.0 Poison Magic


You couldn't memorise any spells.
You knew the following spells:

 Your Spells              Type           Power        Failure   Level  Hunger
a - Beastly Appendage     Tmut           ##....       4%          1    #......
b - Sticks to Snakes      Tmut           ##......     6%          2    ###....
c - Spider Form           Tmut/Pois      #.........   28%         3    ###....

Your spell library contained the following spells:

 Spells                   Type           Power        Failure   Level  Hunger
 Blade Hands              Tmut           ##........   75%         5    ######.
 Ice Form                 Ice/Tmut       #.......     67%         4    #####..


Dungeon Overview and Level Annotations

Branches:
Dungeon (3/15)

Altars:


Innate Abilities, Weirdness & Mutations

You cannot wear armour.
You are incapable of wielding weapons or throwing items.
Your paws allow you to move quietly. (Stealth)
You have sharp claws.
You have razor-sharp teeth.
You have supernaturally acute eyesight. (SInv)
You are carnivorous and can eat meat at any time.
You cover ground quickly.
You are covered in fur. (AC +1)
You have a slow metabolism.
Your sharp claws are effective at attacking unaware monsters.
You have a pair of horns on your head.


Message History

Casting: Beastly Appendage (safe; 4% risk of failure)
Confirm with . or Enter, or press ? or * to list all spells.
You don't have anything to turn into a snake.
Casting: Sticks to Snakes (safe; 6% risk of failure)
Confirm with . or Enter, or press ? or * to list all spells.
You grow a pair of large bovine horns.
The killer bee stings you!
You scratch the killer bee but do no damage.
The killer bee closely misses you. x2
You barely miss the killer bee. The killer bee barely misses you.
The killer bee closely misses you.
You closely miss the killer bee. Your headbutt misses the killer bee.
The killer bee completely misses you. The killer bee stings you.
* * * LOW HITPOINT WARNING * * *
You feel much better. The killer bee stings you!
The killer bee completely misses you.
You feel yourself speed up. The killer bee stings you!
* * * LOW HITPOINT WARNING * * *
The killer bee stings you!
Ouch! That really hurt!
You die...

## .# ##.# #..+
#..# ##@# # #.y# #
#..# # #.s# #. # #
#..# +.. # #..##+##
#.# # #......####
#.#####
#.....#y..##...##..
#....###..<..#.##..


You could see a killer bee and a giant cockroach.

Vanquished Creatures
  Jessica (D:2)
  A gnoll (D:1)
  3 adders (D:2)
  2 dart slugs (D:1)
  A bat (D:1)
  5 goblins
  4 hobgoblins (D:1)
  A quokka (D:2)
  3 frilled lizards
  3 kobolds (D:1)
  4 rats
28 creatures vanquished.

Vanquished Creatures (collateral kills)
  2 worms
  A goblin (D:1)
  3 hobgoblins (D:2)
  A bat (D:1)
  A frilled lizard (D:2)
  A kobold (D:1)
  A rat (D:2)
10 creatures vanquished.

Grand Total: 38 creatures vanquished

Notes
Turn   | Place    | Note
-------+----------+-------------------------------------------
     0 | D:1      | RedPan the Felid Transmuter began the quest for the Orb.
     0 | D:1      | Reached XP level 1. HP: 9/9 MP: 4/4
   447 | D:1      | Reached XP level 2. HP: 12/12 MP: 4/6
   705 | D:1      | Learned a level 2 spell: Sticks to Snakes
   815 | D:1      | Reached XP level 3. HP: 15/15 MP: 0/7
  1351 | D:2      | Noticed Jessica
  1363 | D:2      | Killed Jessica
  1496 | D:2      | Reached XP level 4. HP: 17/19 MP: 2/8
  2623 | D:3      | Learned a level 3 spell: Spider Form
  2660 | D:3      | Slain by a killer bee
  2661 | D:3      | Reached XP level 3. HP: -5/15 MP: 7/7
  2678 | D:3      | Mangled by a killer bee

Skill      XL: |  1  2  3  4 |
---------------+-------------+-----
Transmutations | 3 4 |  4.0
Unarmed Combat | 4 |  4.2
Fighting       | |  1.0
Dodging        | |  2.6
Spellcasting   | |  2.0

Action                   |  1- 3 |  4- 6 || total
-------------------------+-------+-------++-------
Melee: Unarmed           |    65 |    36 ||   101
       Bite              |     9 |       ||     9
       Headbutt          |     6 |     3 ||     9
 Cast: Beastly Appendage |    12 |     2 ||    14
       Sticks to Snakes  |     6 |     6 ||    12
  Use: Scroll            |     5 |     1 ||     6
       Potion            |     2 |     3 ||     5
 Stab: Sleeping          |     2 |     3 ||     5
       Distracted        |     1 |       ||     1
  Eat: Chunk             |     9 |     4 ||    13
Armor: Skin              |     2 |       ||     2
Dodge: Dodged            |    50 |    34 ||    84
